 Dungeon Crawl Stone Soup version 0.27-a0-1066-g29160eaed2 (webtiles) character file.

Game seed: 8509576844378702408

5327 LordDeathwing the Basher (level 10, -7/94 HPs)
             Began as a Minotaur Fighter on Apr 24, 2021.
             Was a High Priest of Okawaru.
             Killed from afar by an acid dragon (12 damage)
             ... with a splash of acid
             ... on level 9 of the Dungeon.
             The game lasted 00:37:15 (9669 turns).

LordDeathwing the Basher (Minotaur Fighter)         Turns: 9669, Time: 00:37:16

Health: -7/94      AC:  3    Str: 24    XL:     10   Next: 38%
Magic:  10/10      EV:  5    Int:  5    God:    Okawaru [*****.]
Gold:   425        SH: 10    Dex: 10    Spells: 9/9 levels left

rFire    . . .     SeeInvis +   y - +2 whip (flame)
rCold    . . .     Faith    +   c - +0 kite shield
rNeg     . . .     Spirit   .   o - +0 plate armour
rPois    +         Reflect  .   (helmet restricted)
rElec    +         Harm     .   j - +0 cloak
rCorr    .         Rampage  .   p - +0 pair of gloves
Will     .....                  (no boots)
Stlth    ..........             g - amulet of faith
HPRegen  0.25/turn              e - ring of Salvation {rElec rPois Slay-2 SInv Stlth+}
MPRegen  0.12/turn              (no ring)

@: corroded, studying Spellcasting
A: horns 2, retaliatory headbutt
a: Renounce Religion, Heroism, Finesse


You were on level 9 of the Dungeon.
You worshipped Okawaru.
Okawaru was extremely pleased with you.
You visited 2 branches of the dungeon, and saw 10 of its levels.

You collected 537 gold pieces.
You spent 112 gold pieces at shops.

Inventory:

Hand Weapons
 i - a +2 flail of holy wrath
 y - a +2 whip of flaming (weapon)
 B - a +2 mace of protection
Missiles
 v - a throwing net
 w - 18 javelins (quivered)
Armour
 c - a +0 kite shield (worn)
 j - a +0 cloak (worn)
 o - a +0 plate armour (worn)
 p - a +0 pair of gloves (worn)
Jewellery
 e - the ring of Salvation (left hand) {rElec rPois Slay-2 SInv Stlth+}
   (You found it on level 9 of the Dungeon)

   [ring of see invisible]

   It affects your accuracy and damage with ranged weapons and melee attacks
   (-2).
   It insulates you from electricity.
   It protects you from poison.
   It lets you see invisible.
   It makes you more stealthy.
 g - an amulet of faith (around neck)
 A - an amulet of guardian spirit
Wands
 a - a wand of flame (14)
 m - a wand of iceblast (13)
 C - a wand of paralysis (8)
Scrolls
 b - a scroll of blinking
 f - 2 scrolls of noise {unknown}
 l - 2 scrolls of teleportation {unknown}
 n - a scroll of torment {unknown}
 r - 2 scrolls of enchant armour {unknown}
 s - a scroll of magic mapping {unknown}
 t - 2 scrolls of amnesia {unknown}
 u - 3 scrolls of immolation {unknown}
Potions
 d - a potion of might
 h - 3 potions of mutation
 k - a potion of brilliance {unknown}
 q - 2 potions of curing
 z - 3 potions of heal wounds
 D - 2 potions of flight
 E - a potion of ambrosia {unknown}


   Skills:
 * Level 10.5 Fighting
 + Level 12.1 Maces & Flails
 - Level 3.9 Polearms
 - Level 2.0 Throwing
 * Level 7.0 Armour
 + Level 6.5 Shields
 + Level 1.8 Invocations


You had 9 spell levels left.
You didn't know any spells.
Your spell library contained the following spells:

 Spells                   Type           Power      Damage    Failure   Level
 Animate Skeleton         Necr           0%         N/A       100%        1
 Pain                     Necr           0%         1d4       100%        1
 Summon Small Mammal      Summ           0%         N/A       100%        1
 Call Imp                 Summ           0%         N/A       100%        2
 Call Canine Familiar     Summ           0%         N/A       100%        3
 Summon Guardian Golem    Hex/Summ       0%         N/A       100%        3
 Vampiric Draining        Necr           0%         2d6       100%        3
 Animate Dead             Necr           0%         N/A       100%        4
 Summon Ice Beast         Ice/Summ       0%         N/A       100%        4
 Summon Lightning Spire   Summ/Air       0%         N/A       100%        4
 Agony                    Necr           0%         N/A       100%        5


Dungeon Overview and Level Annotations

Branches:
Dungeon (9/15)             Temple (1/1) D:4
   Lair: D:8-11         Orc: D:9-12

Altars:
Ashenzari
Cheibriados
Dithmenos
Elyvilon
Gozag
Hepliaklqana
Kikubaaqudgha
Makhleb
Nemelex Xobeh
Okawaru
Qazlal
Ru
Sif Muna
Trog
Uskayaw
Vehumet
Wu Jian
Xom
Yredelemnul
Zin
The Shining One

Shops:
D:4 !

Annotations:
D:5 1 runed translucent door, Crazy Yiuf
D:7 2 runed translucent doors


Innate Abilities, Weirdness & Mutations

You have a pair of horns on your head.
You reflexively headbutt those who attack you in melee.


Message History

The acid dragon claws you but does no damage.
You closely miss the acid dragon. Your headbutt misses the acid dragon.
The acid dragon is almost dead.
The acid dragon spits acid at you. The splash of acid hits you!
You are splashed with acid!
You barely miss the acid dragon.
The acid dragon is almost dead.
You hit the acid dragon but do no damage.
The acid dragon is almost dead.
The acid dragon bites you.
The acid dragon claws you but does no damage.
You completely miss the acid dragon.
The acid dragon is severely wounded.
The acid dragon bites you. You block the acid dragon's attack.
Your plate armour prevents you from hitting the acid dragon.
The acid dragon is severely wounded.
You hit the acid dragon but do no damage.
The acid dragon is severely wounded.
The acid dragon bites you. The acid dragon claws you.
You hit the acid dragon but do no damage.
Your headbutt misses the acid dragon.
The acid dragon is severely wounded.
The acid dragon bites you. You block the acid dragon's attack.
You hit the acid dragon but do no damage.
The acid dragon is severely wounded.
You hit the acid dragon but do no damage.
The acid dragon is severely wounded.
The acid dragon spits acid at you. The splash of acid hits you.
The acid corrodes you!
You are splashed with acid!
* * * LOW HITPOINT WARNING * * *
Unknown command.
You see here a shapeshifter corpse.
The acid dragon spits acid at you. The splash of acid hits you!
* * * LOW HITPOINT WARNING * * *
The acid corrodes you!
You are splashed with acid!
* * * LOW HITPOINT WARNING * * *
The acid dragon spits acid at you. The splash of acid hits you!
You die...

............#≈.P. ......
............#[.PP #......
...>..........##.. ##
..(..:.
.##.....#.....)#...#.
.....
.##.<.###....#...≈...#..#
.##...###.....#######.[.#
####...#........#.....###
##...........#..D...#
#............@.†...##
#.......#......#...###
###.##.####....##### #.
### #.###..## # #.......#
##.#..### ####.# ###


You could see an acid dragon (catching breath).

Vanquished Creatures
  Pikel (D:6)
  An elephant (shapeshifter) (D:9)
  A meliai (shapeshifter) (D:9)
  6 yaks (D:8)
  A vampire mosquito (D:6)
  An orc warrior (D:6)
  An ice beast (D:7)
  A sky beast (D:8)
  2 black bears
  3 necrophages
  An ogre (D:5)
  A phantom (D:5)
  3 centaurs
  A kobold brigand (D:7)
  Blork the orc (D:6)
  A gnoll sergeant (D:7)
  6 scorpions
  8 killer bees
  4 wights (D:8)
  A howler monkey (D:7)
  3 bullfrog zombies
  2 hounds
  2 jellies (D:6)
  7 orc priests
  A bullfrog skeleton (D:6)
  Jessica (D:3)
  An iguana (D:7)
  Natasha (thrice) (D:2)
  7 orc wizards
  A killer bee zombie (D:8)
  A hound skeleton (D:5)
  A howler monkey zombie (D:9)
  7 gnolls
  7 adders
  A shadow imp (D:5)
  3 white imps
  4 worms
  2 dart slugs (D:2)
  30 orcs
  A bat (D:1)
  7 endoplasms
  8 giant cockroaches
  10 hobgoblins
  14 jackals
  6 kobolds (D:7)
  8 quokkas
  5 ball pythons
  2 frilled lizards
  4 goblins
  5 rats
199 creatures vanquished.

Notes
Turn   | Place    | Note
-------+----------+-------------------------------------------
     0 | D:1      | LordDeathwing the Minotaur Fighter began the quest for the
                  | Orb.
     0 | D:1      | Reached XP level 1. HP: 19/19 MP: 0/0
   236 | D:1      | Reached XP level 2. HP: 27/27 MP: 1/1
   622 | D:1      | Reached XP level 3. HP: 33/33 MP: 2/2
  1394 | D:2      | Reached XP level 4. HP: 20/40 MP: 3/3
  1649 | D:2      | Noticed Natasha
  1662 | D:2      | Killed Natasha
  1663 | D:2      | Reached skill level 1 in Maces & Flails
  2067 | D:2      | Noticed Natasha
  2079 | D:2      | Killed Natasha
  2231 | D:2      | Noticed Natasha
  2237 | D:2      | Killed Natasha
  2238 | D:2      | Reached skill level 2 in Maces & Flails
  2238 | D:2      | Reached XP level 5. HP: 40/47 MP: 4/4
  2366 | D:3      | Found a faded altar of an unknown god.
  2431 | D:3      | Found a hide-covered altar of Uskayaw.
  2431 | D:3      | Found a bloodstained altar of Trog.
  2585 | D:3      | Found an iron altar of Okawaru.
  2593 | D:3      | Became a worshipper of Warmaster Okawaru
  2645 | D:3      | Noticed Jessica
  2653 | D:3      | Found a shimmering blue altar of Sif Muna.
  2664 | D:3      | Killed Jessica
  2665 | D:3      | Reached skill level 3 in Maces & Flails
  2780 | D:4      | Reached skill level 5 in Armour
  2780 | D:4      | Reached XP level 6. HP: 54/55 MP: 5/5
  2786 | D:4      | Found a snail-covered altar of Cheibriados.
  2894 | D:4      | Found a staircase to the Ecumenical Temple.
  2924 | Temple   | Entered the Ecumenical Temple
  3217 | D:4      | Found Ycaf's Distillery.
  3225 | D:4      | Bought a potion of curing for 42 gold pieces
  3225 | D:4      | Bought a potion of heal wounds for 70 gold pieces
  3302 | D:4      | Reached skill level 5 in Fighting
  3756 | D:5      | Entered Level 5 of the Dungeon
  3763 | D:5      | Reached skill level 5 in Shields
  3776 | D:5      | Reached skill level 4 in Maces & Flails
  4059 | D:5      | Reached skill level 1 in Throwing
  4074 | D:5      | Reached XP level 7. HP: 30/61 MP: 6/6
  4392 | D:5      | Found a runed translucent door.
  4393 | D:5      | Noticed Crazy Yiuf
  4607 | D:5      | Reached * piety under Okawaru
  4718 | D:5      | Reached skill level 5 in Maces & Flails
  4831 | D:5      | Found a shimmering altar of Xom.
  5313 | D:6      | Reached ** piety under Okawaru
  5431 | D:6      | Reached skill level 6 in Maces & Flails
  5431 | D:6      | Reached XP level 8. HP: 58/70 MP: 7/7
  6133 | D:6      | Noticed Pikel
  6162 | D:6      | Killed Pikel
  6162 | D:6      | Reached *** piety under Okawaru
  6163 | D:6      | Reached skill level 8 in Maces & Flails
  6273 | D:6      | Noticed Blork the orc
  6281 | D:6      | Killed Blork the orc
  6324 | D:6      | Reached skill level 9 in Maces & Flails
  6373 | D:6      | Reached **** piety under Okawaru
  6374 | D:6      | Reached XP level 9. HP: 76/81 MP: 8/8
  6737 | D:7      | Reached skill level 10 in Maces & Flails
  6766 | D:7      | Received a gift from Okawaru
  7435 | D:7      | Found a runed translucent door.
  7529 | D:7      | Found a runed translucent door.
  7707 | D:8      | Reached skill level 11 in Maces & Flails
  8245 | D:8      | Found a hazy altar of Hepliaklqana.
  8245 | D:8      | Found a stormy altar of Qazlal.
  8369 | D:8      | Reached ***** piety under Okawaru
  8377 | D:8      | Reached skill level 12 in Maces & Flails
  8377 | D:8      | Reached XP level 10. HP: 54/93 MP: 9/9
  8395 | D:8      | Reached skill level 10 in Fighting
  8854 | D:8      | Reached skill level 1 in Invocations
  9240 | D:9      | Received a gift from Okawaru
  9271 | D:9      | Identified the ring of Salvation {rElec rPois Slay-2 SInv
                  | Stlth+}
  9566 | D:9      | Noticed an elephant
  9584 | D:9      | Killed an elephant
  9669 | D:9      | Killed from afar by an acid dragon

Illustrated notes

Levels and vault maps discovered:
D:1:      psy_arrival_fountain, layout_loops_ring
D:2:      layout_basic, chequers_serial_rivers_micro_a, uniq_natasha
D:3:      layout_rooms, okawaru_altar_gauntlet_db, tgw_sif,
          gammafunk_temple_overflow_wave, portal_sewer_entry_d,
          hellmonk_ecumenical_altar_lost_god, uniq_terence
D:4:      layout_loops_ring, chei_slow_surprise, minmay_temple_entry_ruins,
          serial_shops, shop, minmay_crossroads
D:5:      layout_loops_ring, kennysheep_little_box, uniq_crazy_yiuf_cottage
D:6:      layout_loops_corners, minmay_manual_moon, uniq_blork_the_orc,
          uniq_pikel
D:7:      lemuel_insect_pit, layout_cave_pools
D:8:      layout_basic, gammafunk_temple_overflow_pools, serial_aquarium,
          aquarium_bridge_square [aquarium_subvault_balcony,
          aquarium_subvault_bridge, aquarium_subvault_window,
          aquarium_subvault_bridge], aquarium_bridge_long_joined
          [aquarium_subvault_window, aquarium_subvault_wall,
          aquarium_subvault_wall, aquarium_subvault_bridge,
          aquarium_subvault_bridge, aquarium_subvault_wall],
          aquarium_window_corner, aquarium_window_1, aquarium_window_fake,
          aquarium_view_2e
D:9:      layout_cave_pools, dpeg_oklobed_lair, kennysheep_island_fort
Temple:   dshaligram_water_room_temple

Skill      XL: |  1  2  3  4  5  6  7  8  9 10 |
---------------+-------------------------------+-----
Polearms       | 3 |  3.9
Fighting       | 4 5 7 9 10 | 10.5
Armour         | 4 5 6 7 |  7.0
Shields        | 4 5 6 |  6.5
Maces & Flails | 2 3 4 6 9 12 | 12.1
Throwing       | 1 2 |  2.0
Invocations    | 1 |  1.8

Action                   |  1- 3 |  4- 6 |  7- 9 | 10-12 || total
-------------------------+-------+-------+-------+-------++-------
Melee: Trident           |   126 |    10 |       |       ||   136
       Headbutt          |    13 |    29 |    75 |    24 ||   141
       Whip              |       |   165 |   359 |   121 ||   645
       Flail             |       |       |    35 |     3 ||    38
Throw: Javelin           |       |     1 |     8 |     4 ||    13
Invok: Heroism           |       |       |     1 |       ||     1
  Use: Potion            |       |     1 |       |       ||     1
       Scroll            |       |       |       |     6 ||     6
Armor: Scale mail        |    54 |    45 |       |       ||    99
       Plate armour      |       |    55 |   174 |    71 ||   300
Dodge: Dodged            |    39 |    45 |    61 |    27 ||   172
Block: Kite shield       |    54 |   103 |   145 |    67 ||   369

Table legend: (Time is in decaauts)
 A = Elapsed time spent in this place.
 B = Non-inter-level travel time spent in this place.
 C = Inter-level travel time spent in this place.
 D = Time resting spent in this place.
 E = Time spent auto-exploring this place.
 F = Levels seen in this place.
 G = Mean time per level.
                   A        B        C        D        E       F      G
               +--------+--------+--------+--------+--------+-----+--------+
         Total |   9678 |   9384 |    294 |   1735 |   5824 |  10 |  967.8 |
       Dungeon |   9563 |   9269 |    294 |   1735 |   5755 |   9 | 1062.6 |
        Temple |    114 |    114 |      0 |      0 |     69 |   1 |  114.0 |
               +--------+--------+--------+--------+--------+-----+--------+

Top non-repeatable levels by time:
     D:6: 1810 daAuts
     D:8: 1504 daAuts
     D:2: 1337 daAuts
     D:4: 1147 daAuts
     D:5: 1079 daAuts
     D:1: 1023 daAuts
     D:7: 811 daAuts
     D:9: 429 daAuts
     D:3: 419 daAuts
  Temple: 114 daAuts
